Unix NetHack Version 5.0.0-0 post-release - last build May  4 2026 22:22:43 (774f63e81ad911689b3a0859ea89b322d5daca8d,branch:main).

Game began 2026-05-06 23:02:02, ended 2026-05-06 23:27:54.

Drastanta, neutral male human Wizard

 -------
 |....[.#####
 |.....|    ####
 |......    -----
 |.....| ###|[..|                      |
 |...(..####...:.           -..........|
 |.....|   #|...|                      |
 -------   #|..<|
           #|....
           #-----
           #######
                 ##
                  ####
                     #
                     #    -.-----     -----
                     ##   |....:|    |.(..|
                      #   |......####@q.$.|
                      ####-.....|    |q*...
                          -------     -----

Drastanta the Conjurer    St:8 Dx:15 Co:16 In:18 Wi:9 Ch:9  Neutral
Dlvl:5  $:37 HP:0(29) Pw:26(26) AC:10 Xp:4 T:2093 

Latest messages:
 A tower of flame bursts from the large box!
 Your cloak smoulders!
 You see here a broken large box.
 H - a scroll labeled ETAOIN SHRDLU.
 You see here a slime mold.
 I - a slime mold.
 You see here a plate mail.
 In what direction? 2
 The spell hits the kobold mummy!
 The kobold mummy hits!
 You destroy the kobold mummy!
 You see here a plate mail.
 You find a hidden passage.
 You feel full of energy.
 You swap places with your kitten.
 You see here a plate mail.
 It misses the rock mole.
 It misses the rock mole.
 You hear some noises.
 You hear some noises in the distance.
 It misses the rock mole.
 The kitten misses it.
 You hear some noises.
 You hear some noises in the distance.
 You hear some noises.
 You hear some noises in the distance.
 You hear some noises in the distance.
 You hear some noises in the distance.
 The door opens.
 You see here 21 gold pieces.
 $ - 21 gold pieces (37 in total).
 You see here a statue of an iguana.
 You hear some noises in the distance.
 The door opens.
 You hit the rothe!
 The rothe hits!
 The rothe bites!
 The rothe bites again!
 The rothe hits!
 The rothe bites!
 The rothe bites again!
 You hit the rothe.
 The rothe hits!
 The rothe bites!
 The rothe bites again!
 The rothe hits!
 The rothe bites!
 You die...
 Do you want your possessions identified? [ynq] (y) y
 Do you want to see your attributes? [ynq] (y) q

Inventory:
 Coins    ('$')
  $ - 37 gold pieces
 Weapons  (')')
  a - a blessed +1 quarterstaff (weapon in hands)
 Armor    ('[')
  b - a blessed burnt +0 cloak of magic resistance (being worn)
 Comestibles  ('%')
  I - an uncursed slime mold
  G - an uncursed sprig of wolfsbane
  C - an uncursed egg
 Scrolls  ('?')
  A - an uncursed scroll of confuse monster
  x - a cursed scroll of confuse monster
  k - an uncursed scroll of enchant armor
  s - an uncursed scroll of genocide
  i - an uncursed scroll of identify
  j - an uncursed scroll of light
  z - an uncursed scroll of magic mapping
  u - an uncursed scroll of remove curse
  H - an uncursed scroll of stinking cloud
 Spellbooks  ('+')
  v - an uncursed spellbook of create monster
  l - a blessed spellbook of force bolt
  y - an uncursed spellbook of force bolt
  m - an uncursed spellbook of stone to flesh
 Potions  ('!')
  w - an uncursed potion of fruit juice
  g - an uncursed potion of healing
  f - an uncursed potion of object detection
  h - an uncursed potion of sleeping
 Rings    ('=')
  F - an uncursed ring of levitation
  D - an uncursed ring of poison resistance
  q - an uncursed ring of polymorph control
  e - an uncursed ring of regeneration
  d - an uncursed ring of stealth
 Wands    ('/')
  p - a wand of digging (0:4)
  c - a wand of lightning (0:8)
 Tools    ('(')
  n - a magic marker (0:19)
  o - an uncursed tin whistle
 Gems/Stones  ('*')
  E - 2 uncursed worthless pieces of yellow glass

Drastanta the Wizard's attributes:

Background:
 You were a Conjurer, a level 4 male human Wizard.
 You were neutral, nominally on a mission for Thoth
 who was opposed by Ptah (lawful) and Anhur (chaotic).
 You were right-handed.
 You were in the Dungeons of Doom, on level 5.
 You entered the dungeon 2093 turns ago.
 It was nighttime.
 You had 112 experience points, 48 more were needed to attain level 5.

Basics:
 You had 0 out of 29 hit points.
 You had all 26 energy points (spell power).
 Your armor class was 10.
 Your wallet contained 37 zorkmids.
 Autopickup was off.

Final Characteristics:
 Your strength was 8 (limit:18/100).
 Your dexterity was 15 (limit:18).
 Your constitution was 16 (limit:18).
 Your intelligence was 18 (limit:18).
 Your wisdom was 9 (limit:18).
 Your charisma was 9 (limit:18).

Final Status:
 You weren't hungry.
 You were unencumbered.
 You were wielding a quarterstaff.
 You had basic skill with quarterstaff.

Final Attributes:
 You were devoutly aligned.
 You were magic-protected.
 You were warded.
 You are dead.

Miscellaneous:
 You didn't encounter any bones levels.
 Total elapsed playing time was 25 minutes and 51 seconds.

Major events:
 Turn
    1: Drastanta the neutral male human Wizard entered the dungeon
 1136: attained the rank of Conjurer (level 3)
 1812: entered the Gnomish Mines
 2093: killed by a rothe

Spells:
 Name                 Level Category     Fail Retention
 force bolt             1   attack         0%   81%-90%
 stone to flesh         3   healing       79%  76%-100%

Skills:
 Fighting Skills
   bare handed combat [Unskilled]
   riding             [Unskilled]
 Weapon Skills
   dagger             [Unskilled]
   knife              [Unskilled]
   axe                [Unskilled]
   short sword        [Unskilled]
   club               [Unskilled]
   mace               [Unskilled]
   quarterstaff       [Basic]
   polearms           [Unskilled]
   spear              [Unskilled]
   trident            [Unskilled]
   sling              [Unskilled]
   dart               [Unskilled]
   shuriken           [Unskilled]
 Spellcasting Skills
   attack spells      [Basic]
   healing spells     [Unskilled]
   divination spells  [Unskilled]
   enchantment spells [Basic]
   clerical spells    [Unskilled]
   escape spells      [Unskilled]
   matter spells      [Unskilled]

Voluntary challenges:
 Character rerolling was not enabled.
 You were an atheist.
 You were illiterate.
 You never genocided any monsters.
 You never polymorphed an object.
 You never changed form.
 You used no wishes.
Achievements:
 You entered a shop.
 You attained the rank of Conjurer.
 You entered the Gnomish Mines.

 The Dungeons of Doom: levels 1 to 5
    Level 1:
    Level 2:
       A potion shop.
    Level 3:
       A general store, a fountain, a sink.
    Level 4:
       A ring shop, a fountain.
       Stairs down to The Gnomish Mines.
    Level 5: <- You were here.
       Final resting place for
          you, killed by a rothe.
 The Gnomish Mines:
    Level 5:


Vanquished creatures:
  a small mimic
  a kobold mummy
  a dwarf
  a homunculus
  a giant bat
  a hobgoblin
  a giant rat
  2 cave spiders
  a green mold
  5 geckos
  3 jackals
  a fox
  3 goblins
  2 lichens
  a kobold zombie
  6 newts
31 creatures vanquished.

No species were genocided or became extinct.

Game over:
                       ----------
                      /          \
                     /    REST    \
                    /      IN      \
                   /     PEACE      \
                  /                  \
                  |    Drastanta     |
                  |      37 Au       |
                  |   killed by a    |
                  |      rothe       |
                  |                  |
                  |                  |
                  |       2026       |
                 *|     *  *  *      | *
        _________)/\\_//(\/(/\)/\//\/|_)_______

Goodbye Drastanta the Wizard...

You died in The Dungeons of Doom on dungeon level 5 with 682 points,
and 37 pieces of gold, after 2093 moves.
You were level 4 with a maximum of 29 hit points when you died.

